 Dungeon Crawl Stone Soup version 0.24-a0-284-g9fb9971 (webtiles) character file.

Game seed: 11262451398392642803

713 Ijustatesigmund the Cudgeler (level 7, -1/45 HPs)
             Began as an Octopode Fighter on May 6, 2019.
             Slain by an ice beast (4 damage)
             ... on level 6 of the Dungeon.
             The game lasted 00:10:03 (3583 turns).

Ijustatesigmund the Cudgeler (Octopode Fighter)     Turns: 3583, Time: 00:10:04

Health: -1/45      AC:  3    Str: 21    XL:     7   Next: 69%
Magic:  7/7        EV: 15    Int: 10    God:
Gold:   182        SH: 11    Dex: 13    Spells: 6/6 levels left

rFire    . . .     SeeInvis .   a - +1 flail
rCold    . . .     Gourm    .   b - +1 shield
rNeg     . . .     Faith    .   (helmet restricted)
rPois    .         Spirit   .   e - amulet of regeneration
rElec    .         Reflect  .   n - ring of flight
rCorr    .         Harm     .   (no ring)
MR       .....                  (no ring)
Stlth    ++........             (no ring)
HPRegen  0.55/turn              (no ring)
MPRegen  0.10/turn              (no ring)
                                (no ring)
                                (no ring)

@: mighty
A: almost no armour, stealthy swim, amphibious, 8 rings, constrict 8, repulsion
field 1, slimy green scales 1, camouflage 1, frail 1, gelatinous body 1
a: Evoke Flight


You were on level 6 of the Dungeon.
You were not hungry.

You visited 1 branch of the dungeon, and saw 6 of its levels.

You collected 182 gold pieces.

Inventory:

Hand Weapons
 a - a +1 flail (weapon)
 q - a +1 hunting sling of freezing
Missiles
 f - 3 javelins (quivered)
 r - 26 sling bullets
Armour
 b - a +1 shield (worn)
Jewellery
 e - an amulet of regeneration (around mantle)
 n - a ring of flight (left tentacle)
Wands
 m - a wand of random effects (19)
 p - a wand of acid (9)
Scrolls
 c - a scroll of amnesia
 g - 3 scrolls of remove curse
 h - 3 scrolls of identify
 l - a scroll of enchant armour
Potions
 i - 5 potions of cancellation
 j - a potion of might
 k - a potion of flight
 o - a potion of curing
 s - a potion of lignification
Comestibles
 d - 12 rations


   Skills:
 + Level 5.3 Fighting
 + Level 5.8 Maces & Flails
 + Level 4.1 Dodging
 + Level 4.1 Shields


You had 6 spell levels left.
You didn't know any spells.
Your spell library contained the following spells:

 Spells                   Type           Power        Failure   Level  Hunger
 Confusing Touch          Hex            #.....       83%         1    ##.....
 Confuse                  Hex            #.......     99%         3    ####...
 Gell's Gravitas          Tloc           #.........   99%         3    ####...
 Petrify                  Tmut/Erth      #.......     100%        4    #####..
 Metabolic Englaciation   Hex/Ice        #.........   100%        5    ######.
 Yara's Violent Unravell  Hex/Tmut       #.........   100%        5    ######.


Dungeon Overview and Level Annotations

Branches:
Dungeon (6/15)
 Temple: D:4-7

Altars:
Ashenzari
Elyvilon
Trog
Vehumet


Innate Abilities, Weirdness & Mutations

You cannot wear most types of armour.
You are very stealthy in the water. (Stealth+)
You are amphibious.
You can wear up to eight rings at the same time.
You can use your tentacles to constrict eight enemies at once.
Your skin changes colour to match your surroundings (Stealth+).
Your rubbery body absorbs attacks. (AC +1, EV +1)
You are surrounded by a mild repulsion field. (EV +2)
You are partially covered in slimy green scales. (AC +2)
You are frail. (-10% HP)


Message History

You hit the ice beast.
The ice beast is lightly wounded.
The ice beast hits you. The ice beast freezes you!
You are too injured to fight recklessly!
You are too injured to fight recklessly!
You are too injured to fight recklessly!
You are too injured to fight recklessly!
You are too injured to fight recklessly!
You are too injured to fight recklessly!
You are too injured to fight recklessly!
You are too injured to fight recklessly!
You are too injured to fight recklessly!
You are too injured to fight recklessly!
You feel very mighty all of a sudden. The ice beast hits you.
The ice beast freezes you!
* * * LOW HITPOINT WARNING * * *
You hit the ice beast. You squeeze the ice beast!
The ice beast is heavily wounded.
The ice beast hits you.
You die...

#.
#.
#o
.##
..#
#.#
#Y#
#@#
#.##
#.(#
##.#
#.#
#.#
#.##
#..#
##.#


You could see an ice beast and an orc.

Vanquished Creatures
  An ogre (D:3)
  A bullfrog (D:5)
  A crimson imp (D:5)
  A jelly (D:5)
  2 centaur skeletons
  2 orc wizards (D:5)
  An iguana (D:4)
  2 bullfrog skeletons
  2 worker ants (D:4)
  4 gnolls
  9 adders
  An ooze (D:3)
  3 worms
  2 dart slugs
  5 leopard geckos
  15 orcs
  3 giant cockroaches
  14 goblins
  10 hobgoblins
  5 jackals
  12 kobolds
  A quokka (D:2)
  6 bats
  6 frilled lizards
  7 rats
116 creatures vanquished.

Notes
Turn   | Place    | Note
-------+----------+-------------------------------------------
     0 | D:1      | Ijustatesigmund the Octopode Fighter began the quest for
                  | the Orb.
     0 | D:1      | Reached XP level 1. HP: 16/16 MP: 1/1
   145 | D:1      | Reached XP level 2. HP: 19/21 MP: 2/2
   355 | D:1      | Reached XP level 3. HP: 26/26 MP: 3/3
   715 | D:2      | Reached XP level 4. HP: 28/32 MP: 4/4
  1220 | D:4      | Gained mutation: You are frail. (-10% HP) [potion of
                  | mutation]
  1220 | D:4      | Gained mutation: You are surrounded by a mild repulsion
                  | field. (EV +2) [potion of mutation]
  1220 | D:4      | Gained mutation: You have an increased reservoir of magic.
                  | (+10% MP) [potion of mutation]
  1359 | D:3      | Reached XP level 5. HP: 22/33 MP: 5/5
  1583 | D:3      | Found a faded altar of an unknown god.
  1730 | D:3      | Noticed an ogre
  1737 | D:3      | Killed an ogre
  1737 | D:3      | Reached skill level 5 in Maces & Flails
  1737 | D:3      | Reached XP level 6. HP: 4/39 MP: 6/6
  2210 | D:4      | Found a bloodstained altar of Trog.
  2210 | D:4      | Found a radiant altar of Vehumet.
  2211 | D:4      | Found a white marble altar of Elyvilon.
  2212 | D:4      | Lost mutation: You are frail. (-10% HP) [potion of
                  | mutation]
  2212 | D:4      | Lost mutation: You have an increased reservoir of magic.
                  | (+10% MP) [potion of mutation]
  2212 | D:4      | Gained mutation: You are frail. (-10% HP) [potion of
                  | mutation]
  2212 | D:4      | Gained mutation: You are partially covered in slimy green
                  | scales. (AC +2) [potion of mutation]
  2579 | D:5      | Entered Level 5 of the Dungeon
  2596 | D:5      | Reached XP level 7. HP: 34/44 MP: 7/7
  2639 | D:5      | Found a shattered altar of Ashenzari.
  2705 | D:5      | Reached skill level 5 in Fighting
  3582 | D:6      | HP: 2/45 [ice beast (12)]
  3583 | D:6      | Slain by an ice beast

Levels and vault maps discovered:
D:1:      lightli_arrival_quake, layout_rooms, serial_glass, glass_columns_c,
          glass_columns_a, glass_columns_c, kennysheep_nondescript
D:2:      layout_loops_ring, first_ration
D:3:      layout_loops_ring, chequers_ecumenical_altar_simple_redux,
          kennysheep_generic_room_3
D:4:      layout_basic, grunt_temple_overflow_open, minmay_misc_feat_plants
D:5:      corexii_shantytown, layout_rooms, nicolae_ashenzari_panopticon
D:6:      layout_rooms, minmay_temple_entry_butterflies, gammafunk_ghost_grave,
          portal_sewer_entry_a

Skill      XL: |  1  2  3  4  5  6  7 |
---------------+----------------------+-----
Maces & Flails | 3 4 5 |  5.8
Fighting       | 4 5 |  5.3
Dodging        | 4 |  4.1
Shields        | 4 |  4.1

Action                   |  1- 3 |  4- 6 |  7- 9 || total
-------------------------+-------+-------+-------++-------
Melee: Flail             |    62 |   106 |    64 ||   232
       Constrict         |    18 |    20 |    22 ||    60
       Tentacles         |    11 |    15 |    21 ||    47
  Use: Scroll            |     5 |     6 |     3 ||    14
       Potion            |       |     6 |     2 ||     8
 Stab: Sleeping          |     5 |    10 |     5 ||    20
  Eat: Chunk             |       |     5 |     2 ||     7
       Ration            |       |       |     1 ||     1
Armor: Skin              |     6 |     7 |     8 ||    21
Dodge: Dodged            |    23 |    47 |    45 ||   115
Block: Shield            |    26 |    49 |    39 ||   114

Table legend:
 A = Non-vault XP
 B = Vault XP
 C = Vault XP percentage of total XP
 D = Non-vault monster count
 E = Vault monster count
 F = Vault count percentage of total count
                 A         B        C        D         E       F
            +---------+---------+-------+---------+---------+-------
      Total |     911 |     108 |  10.6 |      86 |      30 |  25.9
            +---------+---------+-------+---------+---------+-------
        D:1 |      36 |       0 |   0.0 |      21 |       0 |   0.0
        D:2 |      67 |       0 |   0.0 |      23 |       0 |   0.0
        D:3 |     219 |       4 |   1.8 |      18 |       2 |  10.0
        D:4 |     244 |      21 |   7.9 |      15 |       4 |  21.1
        D:5 |     345 |      83 |  19.4 |       9 |      24 |  72.7
            +---------+---------+-------+---------+---------+-------
